 Dungeon Crawl Stone Soup version 0.27-a0-1049-g450f9b2e0d (webtiles) character file.

Game seed: 7783590284315410145

5 kae the Ruffian (level 1, 0/17 (18) HPs)
             Began as a Naga Transmuter on Apr 20, 2021.
             Slain by a kobold
             ... wielding a +2 dagger of draining
              (1 damage)
             ... on level 1 of the Dungeon.
             The game lasted 00:00:06 (286 turns).

kae the Ruffian (Naga Transmuter)                    Turns: 286, Time: 00:00:07

HP:   0/17 (18)     AC:  1    Str: 12    XL:     1   Next: 80%
MP:   3/3           EV: 10    Int: 13    God:
Gold: 0             SH:  0    Dex: 11    Spells: 3/4 levels left

rFire    . . .     SeeInvis +     - Unarmed
rCold    . . .     Faith    .   (no shield)
rNeg     . . .     Spirit   .   a - +0 robe
rPois    +         Reflect  .   (no helmet)
rElec    .         Harm     .   (no cloak)
rCorr    .         Rampage  .   (no gloves)
Will     .....                  (no barding)
Stlth    +.........             (no amulet)
HPRegen  0.05/turn              (no ring)
MPRegen  0.08/turn              (no ring)

@: drained, very slow
A: AC +0, large, see invisible, deformed body, poison resistance, slowness 2,
spit poison 1, naga tail 1
a: Spit Poison


You were on level 1 of the Dungeon.
You visited 1 branch of the dungeon, and saw 1 of its levels.

Inventory:

Armour
 a - a +0 robe (worn)


   Skills:
 + Level 1.0 Fighting
 + Level 1.7 Dodging
 * Level 3.1 Unarmed Combat
 + Level 2.0 Spellcasting
 * Level 2.1 Transmutations


You had 3 spell levels left.
You knew the following spells:

 Your Spells              Type           Power      Damage    Failure   Level
a - Beastly Appendage     Tmut           12%        N/A       11%         1

Your spell library contained the following spells:

 Spells                   Type           Power      Damage    Failure   Level
 Wereblood                Tmut           6%         N/A       16%         2
 Spider Form              Tmut/Pois      2%         N/A       45%         3
 Ice Form                 Ice/Tmut       4%         N/A       86%         4
 Hydra Form               Tmut           3%         N/A       96%         5


Dungeon Overview and Level Annotations

Branches:
Dungeon (1/15)

Altars:


Innate Abilities, Weirdness & Mutations

Your serpentine skin is tough. (AC +0)
You have supernaturally acute eyesight. (SInv)
Armour fits poorly on your strangely shaped body.
Your system is resistant to poisons. (rPois)
You cover ground very slowly.
You can spit poison.
You have a snake-like lower body.


Message History

You closely miss the hobgoblin. The hobgoblin closely misses you.
A hobgoblin is nearby!
You closely miss the hobgoblin. The hobgoblin hits you.
You hit the hobgoblin. You headbutt the hobgoblin.
The hobgoblin is severely wounded.
Your transformation is almost over.
The hobgoblin barely misses you.
A hobgoblin is nearby!
You closely miss the hobgoblin.
The hobgoblin is severely wounded.
The hobgoblin hits you.
You are too injured to fight recklessly!
A hobgoblin is nearby!
A hobgoblin is nearby!
You are too injured to fight recklessly!
You are too injured to fight recklessly!
You are too injured to fight recklessly!
You are too injured to fight recklessly!
You hit the hobgoblin.
You kill the hobgoblin!
A hobgoblin comes into view.
Found a stone staircase leading down.
A hobgoblin is nearby!
You are too injured to fight recklessly!
You are too injured to fight recklessly!
You are too injured to fight recklessly!
You are too injured to fight recklessly!
A kobold comes into view. It is wielding a +2 dagger of draining.
The kobold shouts!
The hobgoblin hits you. The hobgoblin barely misses you.
You hit the hobgoblin.
You kill the hobgoblin!
Your horns disappear.
The kobold barely misses you.
You see here a hobgoblin corpse.
You barely miss the kobold.
The kobold hits you with a +2 dagger of draining.
* * * LOW HITPOINT WARNING * * *
You feel drained.
You die...

...######.....
.............
............
............... ....
.......... ..... .......
...... #....
#K..#######......
#.....#@..............
......#.........(.... #
...................##.#
......?......#......#.#.
.>......................
#.......................
###.........#..#......#.
#....#...###......#..#.
#.....#...###...##.#..#.


You could see a kobold.

Vanquished Creatures
  A bat (D:1)
  An endoplasm (D:1)
  2 hobgoblins (D:1)
4 creatures vanquished.

Notes
Turn   | Place    | Note
-------+----------+-------------------------------------------
     0 | D:1      | kae the Naga Transmuter began the quest for the Orb.
     0 | D:1      | Reached XP level 1. HP: 18/18 MP: 3/3
   286 | D:1      | Slain by a kobold

Illustrated notes

Levels and vault maps discovered:
D:1:      lemuel_arrival_funnel, layout_basic, serial_shops,
          nicolae_shop_crystal, basic_ecumenical_altar, grunt_decor_cap,
          minmay_crystal_room

Action                   || total
-------------------------++-------
Melee: Unarmed           ||    13
       Headbutt          ||     1
 Cast: Beastly Appendage ||     3
Armor: Robe              ||     1
Dodge: Dodged            ||     6

Table legend: (Time is in decaauts)
 A = Elapsed time spent in this place.
 B = Non-inter-level travel time spent in this place.
 C = Inter-level travel time spent in this place.
 D = Time resting spent in this place.
 E = Time spent auto-exploring this place.
 F = Levels seen in this place.
 G = Mean time per level.
                   A        B        C        D        E       F      G
               +--------+--------+--------+--------+--------+-----+--------+
         Total |    315 |    315 |      0 |      0 |    277 |   1 |  315.0 |
       Dungeon |    315 |    315 |      0 |      0 |    277 |   1 |  315.0 |
               +--------+--------+--------+--------+--------+-----+--------+

Top non-repeatable levels by time:
     D:1: 315 daAuts
